 Dungeon Crawl Stone Soup version 0.31-a0-358-gac0dbeb3ab (webtiles) character file.

Game seed: 9139473458724941204

49 pascalblue the Firebug (level 3, 0/19 HPs)
             Began as a Deep Elf Fire Elementalist on July 25, 2023.
             Slain by a goblin
             ... wielding a +0 dagger
             ... led by Robin
              (5 damage)
             ... on level 2 of the Dungeon.
             The game lasted 00:06:10 (1188 turns).

pascalblue the Firebug (Deep Elf Fire Elementalist) Turns: 1188, Time: 00:06:12

Health: 0/19       AC:  3    Str:  5    XL:     3   Next: 53%
Magic:  3/10       EV: 12    Int: 21    God:
Gold:   46         SH:  0    Dex: 15    Spells: 4/10 levels left

rFire   . . .        f - +0 dagger
rCold   + . .        (no shield)
rNeg    . . .        a - +1 robe
rPois   .            (no helmet)
rElec   .            (no cloak)
rCorr   .            (no gloves)
SInv    .            (no boots)
Will    .....        (no amulet)
Stlth   ++           g - ring of protection from cold
HPRegen 0.23/turn    (no ring)
MPRegen 0.12/turn

%: no passive effects
@: no status effects
A: no striking features
a: no special abilities


You were on level 2 of the Dungeon.
You visited 1 branch of the dungeon, and saw 2 of its levels.

You collected 46 gold pieces.

Inventory:

Hand Weapons
 f - a +0 dagger (weapon)
Armour
 a - a +1 robe (worn)
 h - an orb of light
Jewellery
 g - a ring of protection from cold (left hand)
Scrolls
 b - a scroll of enchant armour
Potions
 c - a potion of curing


   Skills:
 - Level 2.4 Dodging
 - Level 2.4 Stealth
 * Level 4.0 Spellcasting
 + Level 1.9 Conjurations
 + Level 0.4 Translocations
 * Level 4.1 Fire Magic


You had 4 spell levels left.
You knew the following spells:

 Your Spells              Type           Power      Damage    Failure   Level
a - Foxfire               Conj/Fire      64%        2x1d7     3%          1
b - Scorch                Fire           42%        2d6       3%          2
c - Volatile Blastmotes   Fire/Tloc      26%        2d12      14%         3

Your spell library contained the following spells:

 Spells                   Type           Power      Damage    Failure   Level
 Apportation              Tloc           12%        N/A       10%         1
 Inner Flame              Hex/Fire       12%        N/A       16%         3
 Hailstorm                Conj/Ice       8%         3d4       24%         3
 Flame Wave               Conj/Fire      16%        2d7       34%         4
 Olgreb's Toxic Radiance  Pois           4%         N/A       75%         4
 Summon Ice Beast         Ice/Summ       4%         N/A       75%         4
 Alistair's Intoxication  Tmut/Pois      2%         N/A       97%         5
 Simulacrum               Ice/Necr       2%         N/A       100%        6
 Discord                  Hex            2%         N/A       100%        8
 Ignition                 Fire           10%        3d5       100%        8


Dungeon Overview and Level Annotations

Branches:
Dungeon (2/15)

Altars:


Message History

You see here a +0 club.
A goblin comes into view. It is wielding a +0 club.
The goblin shouts!
A goblin comes into view.
It is wielding a +0 dagger. 2 goblins come into view.
The goblin shouts!
You hear a shout!
A goblin and a dart slug come into view.
A goblin comes into view. It is wielding a +0 club.
The hobgoblin barely misses you.
Robin roars a battlecry!
The goblins go into a battle-frenzy!
The goblin moves out of view.
You hear a shout!
The hobgoblin attacks as you move away! The hobgoblin hits you.
Robin throws the goblin at you!
Casting: Scorch (safe; 3% risk of failure)
Confirm with . or Enter, or press ? or * to list all spells.
Flames lash Robin.
Robin is heavily wounded.
Robin's fire resistance burns away.
You hear an angry hiss.
The goblin hits you with a +0 dagger. The hobgoblin closely misses you.
An adder comes into view.
Casting: Scorch (safe; 3% risk of failure)
Confirm with . or Enter, or press ? or * to list all spells.
Flames lash the hobgoblin.
You kill the hobgoblin!
The goblin hits you with a +0 dagger.
* * * LOW HITPOINT WARNING * * *
Robin roars a battlecry!
The goblins go into a battle-frenzy!
Okay, then.
Casting: Scorch (safe; 3% risk of failure)
Confirm with . or Enter, or press ? or * to list all spells.
Flames lash Robin.
Robin is burned terribly!
You kill Robin!
A goblin comes into view. It is wielding a +0 club.
A goblin comes into view. It is wielding a +0 dagger.
The goblin hits you with a +0 dagger.
You die...

#....................
....##..##...##.#.#...
..## #.#####.##.#.#...
..# #.# #.##.#.#... #.
#......#... ####.#...##
.g# ####.##....
.gS.g##########....###...
#ggg)..@g)..##..#######.
###########.............
#############. ##


You could see an adder and 7 goblins.

Vanquished Creatures
  Robin (D:2)
  3 dart slugs
  An endoplasm (D:1)
  A giant cockroach (D:1)
  2 goblins (D:1)
  3 hobgoblins (D:2)
  4 jackals (D:1)
  2 kobolds
  2 quokkas
  4 ball pythons
  8 bats
  7 frilled lizards
  4 rats
42 creatures vanquished.

Vanquished Creatures (others)
  71 foxfires
71 creatures vanquished.

Grand Total: 113 creatures vanquished

Notes
Turn   | Place    | Note
-------+----------+-------------------------------------------
     0 | D:1      | pascalblue the Deep Elf Fire Elementalist began the quest
                  | for the Orb.
     0 | D:1      | Reached XP level 1. HP: 10/10 MP: 6/6
   114 | D:1      | Reached XP level 2. HP: 5/15 MP: 1/8
   443 | D:1      | Reached XP level 3. HP: 19/19 MP: 8/10
   446 | D:1      | Learned a level 2 spell: Scorch
   450 | D:1      | Learned a level 3 spell: Volatile Blastmotes
  1094 | D:2      | Identified the +0 pair of gloves of the Toothy God {Contam
                  | Regen+ Str+2 Dex+4}
  1181 | D:2      | Noticed Robin
  1188 | D:2      | Killed Robin
  1188 | D:2      | Slain by a goblin

Illustrated notes

Levels and vault maps discovered:
D:1:      lightli_arrival_lavapool, layout_rooms
D:2:      cheibrodos_greedy_goblins, layout_rooms, uniq_robin

Skill      XL: |  1  2  3 |
---------------+----------+-----
Fire Magic     | 4 |  4.1
Spellcasting   | 4 |  4.0
Dodging        | |  2.4
Stealth        | |  2.4
Conjurations   | |  1.9
Translocations | |  0.4

Action                     || total
---------------------------++-------
  Melee: Unarmed           ||     8
   Cast: Foxfire           ||    48
         Scorch            ||    14
    Use: Potion            ||     1
         Scroll            ||     7
 Armour: Robe              ||    14
  Dodge: Dodged            ||    53

Table legend: (Time is in decaauts)
 A = Elapsed time spent in this place.
 B = Non-inter-level travel time spent in this place.
 C = Inter-level travel time spent in this place.
 D = Time resting spent in this place.
 E = Time spent auto-exploring this place.
 F = Levels seen in this place.
 G = Mean time per level.
                   A        B        C        D        E       F      G
               +--------+--------+--------+--------+--------+-----+--------+
         Total |   1186 |   1160 |     26 |     90 |    717 |   2 |  593.0 |
       Dungeon |   1186 |   1160 |     26 |     90 |    717 |   2 |  593.0 |
               +--------+--------+--------+--------+--------+-----+--------+

Top non-repeatable levels by time:
     D:1: 719 daAuts
     D:2: 467 daAuts
